 Dungeon Crawl Stone Soup version 0.29.1-1-gd02db6906a (webtiles) character file.

Game seed: 5627646607032171198

35184 Zeld the Severer (level 13, -18/183 HPs)
             Began as a Minotaur Berserker on Oct 14, 2022.
             Was a High Priest of Trog.
             Demolished by a skeletal warrior
             ... wielding a +0 dire flail
              (23 damage)
             ... on level 13 of the Dungeon.
             The game lasted 00:12:58 (18573 turns).

Zeld the Severer (Minotaur Berserker)              Turns: 18573, Time: 00:12:59

Health: -18/183    AC: 22    Str: 27    XL:     13   Next: 46%
Magic:  12/12      EV: 11    Int:  4    God:    Trog [*****.]
Gold:   1089       SH:  0    Dex: 10    Spells: 12/12 levels left

rFire   . . .      SeeInvis +   a - +3 battleaxe (flame)
rCold   . . .      Faith    .   (shield currently unavailable)
rNeg    . . .      Spirit   .   b - +0 plate armour
rPois   +          Reflect  .   q - +2 hat
rElec   .          Harm     .   w - +0 cloak
rCorr   .          Rampage  .   P - +0 pair of gloves
Will    .....                   B - +0 pair of boots
Stlth   ..........              (no amulet)
HPRegen 0.40/turn               H - ring of see invisible
MPRegen 0.13/turn               s - ring of poison resistance

@: berserking, very quick
A: horns 2, retaliatory headbutt
a: Renounce Religion, Berserk, Trog's Hand, Brothers in Arms


You were on level 13 of the Dungeon.
You worshipped Trog.
Trog was extremely pleased with you.
You visited 2 branches of the dungeon, and saw 14 of its levels.
You also visited: Bailey.

You collected 1089 gold pieces.

Inventory:

Hand Weapons
 a - a +3 battleaxe of flaming (weapon)
Armour
 b - a +0 plate armour (worn)
 q - a +2 hat (worn)
 w - a +0 cloak (worn)
 B - a +0 pair of boots (worn)
 P - a +0 pair of gloves (worn)
Jewellery
 e - a ring of protection from cold
 f - a ring of resist corrosion
 m - a ring of protection from fire
 s - a ring of poison resistance (right hand)
 H - a ring of see invisible (left hand)
Wands
 i - a wand of polymorph (7)
 y - a wand of digging (4)
 C - a wand of roots (17)
 E - a wand of mindburst (15)
 I - a wand of flame (9)
 R - a wand of acid (3)
Scrolls
 c - 6 scrolls of enchant armour
 d - 4 scrolls of fog
 h - 9 scrolls of enchant weapon
 j - 4 scrolls of blinking
 r - 4 scrolls of magic mapping
 u - a scroll of vulnerability {unknown}
 v - a scroll of brand weapon
 A - 4 scrolls of poison {unknown}
 F - 5 scrolls of teleportation {unknown}
 G - a scroll of fear {unknown}
 J - 6 scrolls of summoning
 K - 2 scrolls of noise {unknown}
 Q - a scroll of acquirement {unknown}
 S - a scroll of silence {unknown}
Potions
 g - 4 potions of degeneration {unknown}
 k - 6 potions of curing {unknown}
 l - a potion of lignification {unknown}
 n - 4 potions of magic {unknown}
 o - 4 potions of brilliance {unknown}
 p - 4 potions of mutation {unknown}
 t - 2 potions of attraction {unknown}
 x - 2 potions of berserk rage {unknown}
 z - 5 potions of flight {unknown}
 D - 2 potions of might {unknown}
 L - a potion of invisibility {unknown}
 M - 2 potions of resistance {unknown}
 N - a potion of haste
 O - 4 potions of heal wounds {unknown}


   Skills:
 + Level 13.0 Fighting
 * Level 17.7 Axes
 + Level 12.8 Armour
 + Level 11.8 Dodging


You had 12 spell levels left.
You didn't know any spells.
Your spell library was empty.

Dungeon Overview and Level Annotations

Branches:
Dungeon (13/15)            Temple (1/1) D:6            Lair (0/5) D:11
    Orc (0/2) D:10         Bailey (visited)
 Vaults: D:13-14

Altars:
Ashenzari
Cheibriados
Dithmenos
Elyvilon
Fedhas
Gozag
Hepliaklqana
Kikubaaqudgha
Makhleb
Nemelex Xobeh
Okawaru
Qazlal
Ru
Sif Muna
Trog
Uskayaw
Vehumet
Wu Jian
Xom
Yredelemnul
Zin
The Shining One
Jiyva

Shops:
D:6 (((   D:8 [

Annotations:
D:9 2 runed translucent doors


Innate Abilities, Weirdness & Mutations

You have a pair of horns on your head.
You reflexively headbutt those who attack you in melee.


Message History

* * * LOW HITPOINT WARNING * * *
The skeletal warrior misses you.
The skeletal warrior hits you but does no damage.
You are too injured to fight recklessly!
You slice the skeletal warrior!! You burn the skeletal warrior!
Your headbutt misses the skeletal warrior.
The skeletal warrior is severely damaged.
You slash the skeletal warrior! You burn the skeletal warrior.
You hit the skeletal warrior. You burn the skeletal warrior.
The skeletal warrior hits you with a +0 flail.
* * * LOW HITPOINT WARNING * * *
The skeletal warrior barely misses you. You furiously retaliate!
You headbutt the skeletal warrior!
The skeletal warrior hits you from afar with a +0 halberd!!
* * * LOW HITPOINT WARNING * * *
The skeletal warrior hits you but does no damage.
You slice the skeletal warrior!! You burn the skeletal warrior.
You destroy the skeletal warrior!
Trog accepts your kill.
You hit the skeletal warrior. You burn the skeletal warrior.
You hit the skeletal warrior. You burn the skeletal warrior.
Unknown command.
Unknown command.
You slash the skeletal warrior! You burn the skeletal warrior.
Your headbutt misses the skeletal warrior.
The skeletal warrior is moderately damaged.
You barely miss the skeletal warrior.
The skeletal warrior hits you but does no damage.
The skeletal warrior closely misses you. x2
You slice the skeletal warrior!! You burn the skeletal warrior.
You headbutt the skeletal warrior!
The skeletal warrior is severely damaged.
You slash the skeletal warrior! You burn the skeletal warrior.
You feel the power of Trog in you as your rage grows.
You destroy the skeletal warrior!
Trog accepts your kill.
The skeletal warrior hits you from afar with a +0 halberd!
* * * LOW HITPOINT WARNING * * *
The skeletal warrior hits you with a +0 dire flail!!
You die...

#.......### ####'####
#.# #.## #..# #######
##.# ....... #.# ##
......)#########.#######
.#
.....z)@...............)
......+
...$..z#########.#######
####### ...[... #.# #
####### #.# # #.# # #.#
# #.# # # #.# # ###
####+##### #.# #


You could see 2 skeletal warriors.

Vanquished Creatures
  Kirke (D:13)
  Azrael (D:12)
  4 boulder beetles
  3 hydras
  4 two-headed ogres
  6 centaur warriors
  2 tengu warriors
  2 skeletal warriors (D:13)
  A wizard (D:9)
  2 ugly things
  4 cyclopes
  A manticore (D:12)
  An elephant (D:11)
  Maurice (D:8)
  A gargoyle (D:9)
  A tengu conjurer (D:13)
  A komodo dragon (D:11)
  3 meliai (D:13)
  7 trolls
  3 hornets
  5 slime creatures
  Sigmund (D:2)
  2 shadows
  4 water elementals (D:10)
  4 wyverns
  A basilisk (D:11)
  25 yaks
  3 wraiths
  5 hogs (D:13)
  A human (D:6)
  3 steam dragons
  2 vampire mosquitoes (D:11)
  3 acid dragons
  3 water moccasins
  4 hell hounds (D:12)
  16 orc warriors
  A sky beast (D:7)
  A black bear (D:11)
  2 ogres
  7 centaurs
  2 kobold brigands
  2 phantoms (D:5)
  Blork the orc (D:6)
  2 necrophages
  2 scorpions
  3 bullfrogs
  A gnoll sergeant (D:10)
  4 wights
  A killer bee (D:9)
  4 howler monkeys
  3 jellies (D:13)
  Crazy Yiuf (D:5)
  5 hounds
  10 orc priests
  3 gnoll boudas
  Terence (D:2)
  2 iguanas
  12 orc wizards
  26 gnolls
  3 adders
  4 ufetubi
  A dart slug (D:2)
  75 orcs
  6 bats
  8 endoplasms
  6 giant cockroaches
  9 goblins
  8 hobgoblins
  6 jackals
  2 quokkas
  6 ball pythons
  4 frilled lizards
  A jackal skeleton (D:6)
  A jackal zombie (D:6)
  15 kobolds
  2 rats
384 creatures vanquished.

Vanquished Creatures (others)
  4 fungi (D:5)
4 creatures vanquished.

Grand Total: 388 creatures vanquished

Notes
Turn   | Place    | Note
-------+----------+-------------------------------------------
     0 | D:1      | Zeld the Minotaur Berserker began the quest for the Orb.
     0 | D:1      | Reached XP level 1. HP: 19/19 MP: 0/0
   175 | D:1      | Reached XP level 2. HP: 25/27 MP: 1/1
   229 | D:1      | Reached skill level 4 in Axes
   768 | D:1      | Found a faded altar of an unknown god.
   873 | D:2      | Reached XP level 3. HP: 33/33 MP: 2/2
   888 | D:2      | Noticed Terence
   895 | D:2      | Killed Terence
  1072 | D:2      | Reached XP level 4. HP: 36/40 MP: 3/3
  1193 | D:2      | Noticed Sigmund
  1446 | D:2      | Killed Sigmund
  1447 | D:2      | Reached skill level 5 in Axes
  1447 | D:2      | Reached XP level 5. HP: 41/47 MP: 4/4
  1752 | D:2      | Found a shimmering blue altar of Sif Muna.
  1845 | D:2      | Reached ** piety under Trog
  2318 | D:3      | Reached XP level 6. HP: 55/55 MP: 5/5
  2468 | D:4      | Reached skill level 5 in Fighting
  2468 | D:4      | Reached skill level 6 in Axes
  2536 | D:4      | Found a glowing golden altar of the Shining One.
  2561 | D:4      | Found a blossoming altar of Fedhas.
  3185 | D:4      | Found a white marble altar of Elyvilon.
  3351 | D:5      | Entered Level 5 of the Dungeon
  3353 | D:5      | Noticed a wraith
  3369 | D:5      | Reached XP level 7. HP: 59/61 MP: 6/6
  3610 | D:5      | Reached skill level 7 in Axes
  3613 | D:5      | Killed a wraith
  3614 | D:5      | Reached skill level 5 in Armour
  3960 | D:5      | Reached skill level 5 in Dodging
  3960 | D:5      | Reached XP level 8. HP: 64/70 MP: 7/7
  4043 | D:5      | Reached skill level 8 in Axes
  4077 | D:5      | Identified the +3 sling "Zom Osof" {flame, rElec}
  4781 | D:5      | Found a runed translucent door.
  4782 | D:5      | Noticed Crazy Yiuf
  4791 | D:5      | Killed Crazy Yiuf
  4928 | D:6      | Noticed Blork the orc
  4935 | D:6      | Killed Blork the orc
  5025 | D:6      | Reached skill level 9 in Axes
  5029 | D:6      | Identified the +6 dagger of the Leaping Seer {elec, rElec
                  | rN+ Int-3 Dex+2}
  5083 | D:6      | Reached *** piety under Trog
  5364 | D:6      | Found a staircase to the Ecumenical Temple.
  5391 | D:6      | Found Likuse Olin's Weapon Boutique.
  5444 | D:6      | Found Peraet's Weapon Shop.
  5496 | Temple   | Entered the Ecumenical Temple
  5496 | Temple   | Found a transporter.
  5496 | Temple   | Found a transporter.
  5498 | Temple   | Found a transporter.
  5498 | Temple   | Found a transporter.
  5635 | D:6      | Found Zyigiol's Weapon Emporium.
  5709 | D:6      | Found a runed translucent door.
  5721 | D:6      | Found a basalt altar of Yredelemnul.
  5737 | D:6      | Reached XP level 9. HP: 64/79 MP: 8/8
  6299 | D:7      | Reached skill level 10 in Axes
  8041 | D:8      | Noticed a five-headed hydra
  8049 | D:8      | Killed a nine-headed hydra
  8050 | D:8      | Reached skill level 11 in Axes
  8554 | D:8      | Noticed a tengu warrior
  8565 | D:8      | Killed a tengu warrior
  8566 | D:8      | Reached XP level 10. HP: 83/90 MP: 9/9
  8693 | D:8      | Noticed a purple ugly thing
  8702 | D:8      | Killed a purple ugly thing
  8703 | D:8      | Noticed a centaur warrior
  8821 | D:8      | Noticed a six-headed hydra
  8825 | D:8      | Killed an eight-headed hydra
  8826 | D:8      | Reached skill level 12 in Axes
  8826 | D:8      | Killed a centaur warrior
  9112 | D:8      | Noticed a centaur warrior
  9120 | D:8      | Killed a centaur warrior
  9259 | D:8      | Noticed a centaur warrior
  9267 | D:8      | Killed a centaur warrior
  9268 | D:8      | Reached skill level 13 in Axes
  9328 | D:8      | Noticed a two-headed ogre
  9335 | D:8      | Killed a two-headed ogre
  9675 | D:8      | Found a transporter.
  9675 | D:8      | Noticed Maurice
  9689 | D:8      | Killed Maurice
  9690 | D:8      | Reached XP level 11. HP: 90/99 MP: 10/10
  9704 | D:8      | Noticed a two-headed ogre
  9796 | D:8      | Reached skill level 10 in Fighting
  9806 | D:8      | Reached **** piety under Trog
 10272 | D:8      | Found Zuisyna's Armour Shop.
 10525 | D:8      | Found a transporter.
 10912 | D:8      | Killed a two-headed ogre
 10913 | D:8      | Reached skill level 14 in Axes
 10913 | D:8      | Reached skill level 10 in Armour
 11636 | D:9      | Reached ***** piety under Trog
 12079 | D:9      | Found a large runed translucent door.
 12079 | D:9      | Found a large runed translucent door.
 12147 | D:9      | Noticed a two-headed ogre
 12317 | D:9      | Killed a two-headed ogre
 12424 | D:9      | Noticed a wizard
 12430 | D:9      | Found a large runed translucent door.
 12430 | D:9      | Found a large runed translucent door.
 12517 | D:9      | Noticed a cyan ugly thing
 12523 | D:9      | Killed a cyan ugly thing
 12524 | D:9      | Reached skill level 15 in Axes
 12864 | D:9      | Killed a wizard
 12865 | D:9      | Reached skill level 10 in Dodging
 12866 | D:9      | Reached XP level 12. HP: 76/110 MP: 11/11
 12871 | D:9      | Identified the ring of Gaeparcho {rF+ Str-5 Int+5}
 13033 | D:10     | Entered Level 10 of the Dungeon
 13197 | D:10     | Noticed a centaur warrior
 13209 | D:10     | Killed a centaur warrior
 13393 | D:10     | Found a flagged portal.
 13415 | Bailey   | Entered a bailey
 13514 | Bailey   | Received a gift from Trog
 14322 | D:10     | Found an ornate altar of the Wu Jian Council.
 14581 | D:10     | Found a staircase to the Orcish Mines.
 14725 | D:11     | Found a staircase to the Lair.
 15089 | D:11     | Noticed a two-headed ogre
 15094 | D:11     | Reached skill level 16 in Axes
 15112 | D:11     | Killed a two-headed ogre
 15333 | D:11     | You fall into a shaft and drop 2 floors!
 15743 | D:12     | Noticed a boulder beetle
 15766 | D:12     | Killed a boulder beetle
 16466 | D:12     | Noticed Azrael
 16480 | D:12     | Killed Azrael
 16720 | D:12     | Noticed a boulder beetle
 16725 | D:12     | Noticed a centaur warrior
 16732 | D:12     | Killed a centaur warrior
 16733 | D:12     | Reached XP level 13. HP: 17/119 MP: 12/12
 17370 | D:12     | Reached skill level 17 in Axes
 18171 | D:13     | Identified the +4 mace of the Spider {antimagic, rElec rC-
                  | rCorr Int+3}
 18212 | D:13     | Found a viscous altar of Jiyva.
 18274 | D:13     | Identified the +6 falchion "Q" {protect, rElec Str-5 Int+9
                  | Dex+2}
 18352 | D:13     | Noticed Kirke
 18366 | D:13     | Killed Kirke
 18573 | D:13     | HP: 5/183 [skeletal warrior/+0 halberd (11)]
 18573 | D:13     | Demolished by a skeletal warrior

Illustrated notes

Levels and vault maps discovered:
D:1:      dpeg_arrival_connections, layout_basic, basic_ecumenical_altar
D:2:      layout_basic, basic_altar, uniq_sigmund, uniq_terence
D:3:      layout_rooms
D:4:      layout_rooms, mainiacjoe_overflow_brackets,
          mainiacjoe_overflow_large_starburst, hex_medium, minmay_surrounded
D:5:      layout_loops_ring, uniq_crazy_yiuf_cottage
D:6:      layout_cave_pools, dk_yredelemnul_ordeal,
          minmay_temple_entry_poolview, serial_shops, shop,
          nicolae_take_the_stairs, nicolae_shop_behind_doors, uniq_blork_the_orc
D:7:      layout_basic
D:8:      gammafunk_beogh_shrine, layout_loops_corners, serial_shops,
          shop_coins, grunt_ministairs_10, minmay_evil_grid, uniq_maurice
D:9:      layout_basic, special_room [special_room_orc],
          minmay_hollow_rounded_squares
D:10:     layout_long_grid, mainiacjoe_overflow_chevrons, orc_0_dummy,
          enter_bailey_4, nicolae_underground_beach
D:11:     layout_roguey, david_lair_generic
D:12:     layout_stronghold, uniq_azrael
D:13:     layout_roguey, jiyva_altar_1, uniq_kirke
Temple:   hellmonk_temple_divided_pantheon

Skill      XL: |  1  2  3  4  5  6  7  8  9 10 11 12 13 |
---------------+----------------------------------------+-----
Axes           | 4 5 6 7 9 11 13 15 16 17 | 17.7
Fighting       | 4 5 6 7 8 9 11 12 13 | 13.0
Armour         | 3 4 5 6 8 9 10 12 | 12.8
Dodging        | 3 4 5 6 7 8 10 11 | 11.8

Action                   |  1- 3 |  4- 6 |  7- 9 | 10-12 | 13-15 || total
-------------------------+-------+-------+-------+-------+-------++-------
Melee: Hand axe          |    56 |   100 |   165 |       |       ||   321
       Headbutt          |     8 |     8 |    33 |    89 |     9 ||   147
       Punch             |       |       |     3 |       |       ||     3
       Battleaxe         |       |       |    67 |   452 |    56 ||   575
Invok: Berserk           |     1 |     3 |     4 |     6 |     2 ||    16
       Trog's Hand       |       |       |       |       |     1 ||     1
  Use: Scroll            |       |       |       |     9 |       ||     9
 Stab: Sleeping          |     1 |       |       |       |       ||     1
Armor: Animal skin       |     9 |    23 |     3 |       |       ||    35
       Plate armour      |       |       |   129 |   313 |    48 ||   490
Dodge: Dodged            |    39 |    62 |   116 |   252 |    52 ||   521
